 Dungeon Sprint DCSS version 0.31-a0-750-gfe7b580527 (webtiles) character file.

Game seed: 6102691057259648471

1822 sircluck the Grappler (level 8, -12/139 HPs)
             Began as a Troll Berserker on Sept 14, 2023.
             Was a High Priest of Trog.
             Mangled by a deep troll (17 damage)
             ... in the Dungeon (Sprint VII: "The Pits").
             The game lasted 00:01:12 (492 turns).

sircluck the Grappler (Troll Berserker)              Turns: 492, Time: 00:01:13

Health: -12/139    AC:  4    Str: 28    XL:     8   Next: 85%
Magic:  7/7        EV: 12    Int:  3    God:    Trog [*****.]
Gold:   0          SH:  0    Dex:  9    Spells: 7/7 levels left

rFire   . .          .
                       - Unarmed
rCold   . . .        (no shield)
rNeg    . . .        a - +0 animal skin
rPois   .            (helmet restricted)
rElec   .            (no cloak)
rCorr   .            (gloves unavailable)
SInv    .            (boots unavailable)
Will    .....        (no amulet) Stlth
                     (no ring)
HPRegen 1.23/turn    (no ring)
MPRegen 0.10/turn

%: no teleportation
@: berserking, very quick
A: large, unfitting armour, claws 3, regeneration 1, shaggy fur 1, tough skin 1
a: Renounce Religion, Berserk, Trog's Hand, Brothers in Arms


You were in the Dungeon.
You worshipped Trog.
Trog was extremely pleased with you.
You visited 1 branch

Inventory:

Missiles
 k - 7 poisoned darts (quivered)
Armour
 a - a +0 animal skin (worn)
Scrolls
 g - a scroll of blinking
 i - 2 scrolls of vulnerability
 j - a scroll of butterflies
Potions
 b - 6 potions of curing
 c - 6 potions of heal wounds
 d - a potion of haste
 e - 4 potions of magic
 f - 3 potions of berserk rage
 h - 2 potions of invisibility


   Skills:
 + Level 10.2 Fighting
 + Level 10.1 Dodging
 + Level 11.9 Unarmed Combat


You had 7 spell levels left.
You didn't know any spells.
Your spell library was empty.

Dungeon Overview and Level Annotations

Branches:
Dungeon (1/1)

Altars:
Ashenzari
Cheibriados
Dithmenos
Elyvilon
Fedhas
Gozag
Hepliaklqana
Kikubaaqudgha
Makhleb
Nemelex Xobeh
Okawaru
Qazlal
Ru
Sif Muna
Trog
Uskayaw
Vehumet
Wu Jian
Xom
Yredelemnul
Zin
The Shining One
Jiyva
Lugonu


Innate Abilities, Weirdness & Mutations

You are too large for most types of armour.
You have claws for hands.
Your natural rate of healing is unusually fast.
You are covered in fur. (AC +1)
You have tough skin. (AC +1)


Message History

No target in view!
No target in view!
No target in view!
No target in view!
No target in view!
No target in view!
There is an open door here.
You see here a rat corpse.
You open the door.
A deep troll comes into view.
The deep troll shouts!
You scratch the deep troll but do no damage.
The deep troll bites you!! The deep troll claws you. The deep troll claws you!
You claw the deep troll!
The deep troll is lightly wounded.
The deep troll bites you!! The deep troll completely misses you.
The deep troll claws you!
You are too injured to fight recklessly!
You are too injured to fight recklessly!
You are too injured to fight recklessly!
You are too injured to fight recklessly!
You are too injured to fight recklessly!
You are too injured to fight recklessly!
You are too injured to fight recklessly!
You are too injured to fight recklessly!
A red film seems to cover your vision as you go berserk!
You feel yourself moving faster!
You feel mighty! The deep troll bites you!
* * * LOW HITPOINT WARNING * * *
The deep troll claws you!
* * * LOW HITPOINT WARNING * * *
The deep troll claws you!!
* * * LOW HITPOINT WARNING * * *
You closely miss the deep troll.
The deep troll is lightly wounded.
You claw the deep troll!
The deep troll is moderately wounded.
The deep troll barely misses you. The deep troll claws you.
* * * LOW HITPOINT WARNING * * *
The deep troll claws you!
You die...

#.#..[)))..##.......# #.†
#'###########.......##...
#)).....# ##########...
#.......# #... #...#...#
##.. #..###..#+# ##+
#...#...#.+ #.......#T#
#.......@.# ###########


You could see a deep troll.

Vanquished Creatures
  A bog body (D)
  A deep elf pyromancer (D)
  A manticore (D)
  A warg (D)
  A water moccasin (D)
  An orc warrior (D)
  A kobold brigand (D)
  2 phantoms (D)
  An orc priest (D)
  An orc wizard (D)
  An ufetubus (D)
  5 orcs (D)
  An endoplasm (D)
  A giant cockroach (D)
  4 goblins (D)
  A bat (D)
  A frilled lizard (D)
  2 rats (D)
27 creatures vanquished.

Notes
Turn   | Place    | Note
-------+----------+-------------------------------------------
     0 | D        | sircluck the Troll Berserker began the quest for the Orb.
     0 | D        | Reached XP level 1. HP: 22/22 MP: 0/0
    17 | D        | Noticed a water moccasin
    17 | D        | Noticed a deep elf pyromancer
    17 | D        | Noticed a bog body
    20 | D        | Killed a water moccasin
    21 | D        | Reached skill level 5 in Unarmed Combat
    21 | D        | Reached XP level 2. HP: 33/33 MP: 1/1
    21 | D        | Reached XP level 3. HP: 41/41 MP: 2/2
    21 | D        | Reached XP level 4. HP: 49/49 MP: 3/3
    23 | D        | Killed a deep elf pyromancer
    23 | D        | Reached ** piety under Trog
    24 | D        | Reached skill level 9 in Unarmed Combat
    24 | D        | Reached XP level 5. HP: 63/63 MP: 4/4
    24 | D        | Reached XP level 6. HP: 72/72 MP: 5/5
    24 | D        | Reached XP level 7. HP: 79/79 MP: 6/6
    26 | D        | Killed a bog body
    27 | D        | Reached skill level 10 in Unarmed Combat
    91 | D        | Noticed a manticore
   108 | D        | Killed a manticore
   109 | D        | Reached skill level 11 in Unarmed Combat
   109 | D        | Reached XP level 8. HP: 30/92 MP: 7/7
   173 | D        | Reached *** piety under Trog
   227 | D        | Found a bloodstained altar of Trog.
   227 | D        | Found a shimmering blue altar of Sif Muna.
   227 | D        | Found a viscous altar of Jiyva.
   227 | D        | Found a hazy altar of Hepliaklqana.
   227 | D        | Found an opulent altar of Gozag.
   228 | D        | Found a glowing golden altar of the Shining One.
   228 | D        | Found a glowing silver altar of Zin.
   228 | D        | Found a basalt altar of Yredelemnul.
   228 | D        | Found a shimmering altar of Xom.
   228 | D        | Found an ornate altar of the Wu Jian Council.
   228 | D        | Found a sacrificial altar of Ru.
   228 | D        | Found a stormy altar of Qazlal.
   228 | D        | Found an iron altar of Okawaru.
   228 | D        | Found a sparkling altar of Nemelex Xobeh.
   228 | D        | Found a burning altar of Makhleb.
   228 | D        | Found a blossoming altar of Fedhas.
   228 | D        | Found a white marble altar of Elyvilon.
   228 | D        | Found a shadowy altar of Dithmenos.
   228 | D        | Found a snail-covered altar of Cheibriados.
   232 | D        | Found a corrupted altar of Lugonu.
   232 | D        | Found a radiant altar of Vehumet.
   233 | D        | Found a broken altar of Ashenzari.
   233 | D        | Found an ancient bone altar of Kikubaaqudgha.
   233 | D        | Found a hide-covered altar of Uskayaw.
   281 | D        | Reached **** piety under Trog
   344 | D        | Reached ***** piety under Trog
   359 | D        | Received a gift from Trog
   382 | D        | Reached skill level 10 in Fighting
   391 | D        | Reached skill level 10 in Dodging
   487 | D        | Noticed a deep troll
   492 | D        | HP: 5/139 [deep troll (6)]
   492 | D        | Mangled by a deep troll

Illustrated notes

Levels and vault maps discovered:
D:        pitsprint [storerooms_1, entrance_room_1, metal_vault_2, armoury_3,
          mini_pit_1, grid_room_1, main_hall_1, silver_pit, the_coven_1,
          the_vestibule_1, steel_vault_1, golden_pit, hallway_of_sentries,
          crystal_vault_4, iron_vault_2, final_vault]

Skill      XL: |  1  2  3  4  5  6  7  8 |
---------------+-------------------------+-----
Fighting       | 4 7 9 10 | 10.2
Dodging        | 4 7 9 10 | 10.1
Unarmed Combat | 5 9 11 | 11.9

Action                     |  1- 3 |  4- 6 |  7- 9 || total
---------------------------+-------+-------+-------++-------
  Melee: Unarmed           |     2 |     3 |    71 ||    76
         Punch             |       |       |     8 ||     8
 Invoke: Berserk           |     1 |       |     2 ||     3
 Armour: Animal skin       |     1 |       |    44 ||    45
  Dodge: Dodged            |     1 |     1 |    31 ||    33

Table legend: (Time is in decaauts)
 A = Elapsed time spent in this place.
 B = Non-inter-level travel time spent in this place.
 C = Inter-level travel time spent in this place.
 D = Time resting spent in this place.
 E = Time spent auto-exploring this place.
 F = Levels seen in this place.
 G = Mean time per level.
                   A        B        C        D        E       F      G
               +--------+--------+--------+--------+--------+-----+--------+
         Total |    496 |    496 |      0 |    190 |     86 |   1 |  496.0 |
       Dungeon |    496 |    496 |      0 |    190 |     86 |   1 |  496.0 |
               +--------+--------+--------+--------+--------+-----+--------+

Top non-repeatable levels by time:
       D: 496 daAuts
